 Dungeon Crawl Stone Soup version 0.24-a0-222-g1ac5efaa63 (webtiles) character file.

Game seed: 9374384136053242953

35 Redear the Ducker (level 3, 0/26 HPs)
             Began as an Octopode Fighter on Mar 31, 2019.
             Succumbed to Robin's poison
             ... on level 2 of the Dungeon.
             The game lasted 00:07:24 (1420 turns).

Redear the Ducker (Octopode Fighter)                Turns: 1420, Time: 00:07:24

Health: 0/26       AC:  1    Str: 13 (15) XL:     3   Next: 35%
Magic:  3/3        EV: 11    Int:  9 (10) God:
Gold:   92         SH:  8    Dex: 10 (12) Spells: 2/2 levels left

rFire    . . .     SeeInvis .   m - +0 falchion
rCold    . . .     Gourm    .   b - +0 shield
rNeg     . . .     Faith    .   (helmet restricted)
rPois    .         Spirit   .   (no amulet)
rElec    .         Reflect  .   (no ring)
rCorr    .         Harm     .   (no ring)
MR       .....                  (no ring)
Stlth    +++.......             (no ring)
HPRegen  0.08/turn              (no ring)
MPRegen  0.08/turn              (no ring)
                                (no ring)
                                (no ring)

@: lethally poisoned (0 -> -9), hasted, very quick
A: almost no armour, stealthy swim, amphibious, 8 rings, constrict 8, camouflage
1, gelatinous body 1
a: no special abilities


You were on level 2 of the Dungeon.
You were hungry.

You visited 1 branch of the dungeon, and saw 2 of its levels.

You collected 92 gold pieces.

Inventory:

Hand Weapons
 a - a +0 long sword
 m - a +0 falchion (weapon)
Missiles
 f - 79 arrows
 Q - 57 stones (quivered)
Armour
 b - a +0 shield (worn)
Scrolls
 e - 7 scrolls of identify {unknown}
 h - 2 scrolls of remove curse {unknown}
 j - a scroll of noise {unknown}
 k - 3 scrolls of magic mapping {unknown}
Potions
 c - a potion of might
Comestibles
 d - 4 rations


   Skills:
 + Level 3.2 Fighting
 + Level 2.3 Long Blades
 + Level 3.3 Dodging
 + Level 1.7 Stealth
 + Level 3.2 Shields


You had 2 spell levels left.
You didn't know any spells.
Your spell library was empty.

Dungeon Overview and Level Annotations

Branches:
Dungeon (2/15)

Altars:

Annotations:
D:2 Robin


Innate Abilities, Weirdness & Mutations

You cannot wear most types of armour.
You are very stealthy in the water. (Stealth+)
You are amphibious.
You can wear up to eight rings at the same time.
You can use your tentacles to constrict eight enemies at once.
Your skin changes colour to match your surroundings (Stealth+).
Your rubbery body absorbs attacks. (AC +1, EV +1)


Message History

It was a potion of degeneration.
There was something very wrong with that liquid.
You feel weakened.
You feel dopey.
You feel clumsy.
* * * LOW HITPOINT WARNING * * *
You feel sick. Robin throws the goblin at you!
* * * LOW HITPOINT WARNING * * *
You take 2 damage, and have 1/26 hp.
Okay, then.
You slash the goblin!
You kill the goblin!
You block the goblin's attack.
Robin roars a battlecry!
The goblins go into a battle-frenzy!
Unknown command.
Okay, then.
You hit the goblin. You grab the goblin. You constrict the goblin.
You kill the goblin!
You die...

.###########.........#
.# #.........# .#
#########g........# ##
#........g#########
####(........#
.)...........#
###..........#
.###.........#########
.# #.........gg)@)...#
.# #.......(.g###...##
.###..............###
..##.......[......#
#.##.........####.#
#.#######..### #.###
######## #.. #..
#...## #....... ##..
#..< ###..#####.......
... ...
##....##.......


You could see Robin and 2 hobgoblins.

Levels and vault maps discovered:
D:1:      minmay_arrival_diagonal_passages, layout_basic
D:2:      layout_rooms, uniq_jessica, uniq_robin

Notes
Turn   | Place    | Note
-------+----------+-------------------------------------------
     0 | D:1      | Redear the Octopode Fighter began the quest for the Orb.
     0 | D:1      | Reached XP level 1. HP: 16/16 MP: 1/1
   322 | D:1      | Identified a +0 dagger
   773 | D:1      | Reached XP level 2. HP: 19/21 MP: 2/2
   877 | D:2      | Identified a +0 dagger
   877 | D:2      | Identified a +0 dagger
   877 | D:2      | Identified a +0 club
   884 | D:1      | HP: 5/21 [goblin/+0 dagger[Robin] (5)]
   885 | D:1      | Reached skill level 1 in Stealth
  1186 | D:2      | Identified a +0 dagger
  1245 | D:2      | Identified a +0 falchion (You found it on level 2 of the
                  | Dungeon)
  1361 | D:2      | Identified a +0 club
  1362 | D:2      | Identified a +0 spear of venom
  1362 | D:2      | Identified a +0 animal skin
  1362 | D:2      | Identified a +0 helmet
  1362 | D:2      | Noticed Robin
  1362 | D:2      | Identified a +0 club
  1367 | D:2      | Reached XP level 3. HP: 25/26 MP: 3/3
  1395 | D:2      | Identified a +0 robe
  1395 | D:2      | Identified a +0 hunting sling
  1402 | D:2      | HP: 6/26 [poisoned by Robin]
  1404 | D:2      | Identified a potion of ambrosia
  1405 | D:2      | Identified a potion of haste
  1416 | D:2      | HP: 4/26 [Robin/+0 spear of venom (5)]
  1418 | D:2      | Identified a potion of degeneration
  1418 | D:2      | TheNamelessOne: ??dex
  1418 | D:2      | beem: dex[1/1]: Increases {accuracy} slightly, chance of
                  | stabbing distracted mons and stealth as well. Plays a
                  | significant role in EV if you have {dodging} skill. Boosts
                  | ability to shield-block, especially for bucklers, less for
                  | large shields.
  1418 | D:2      | HP: 1/26 [Robin/goblin (1)]
  1420 | D:2      | Succumbed to Robin's poison

Table legend:
 A = Turns spent in this place as a percentage of turns spent in the entire game.
 B = Non-inter-level travel turns spent in this place as a percentage of non-inter-level travel turns spent in the entire game.
 C = Inter-level travel turns spent in this place as a percentage of turns spent in this place.
 D = Turns resting spent in this place as a percentage of non-inter-level travel turns spent in this place.
 E = Turns spent auto-exploring this place as a percentage of non-inter-level travel turns spent in this place.
 F = Non-inter-level travel turns spent in this place divided by the number of levels of this place that you've seen.
                   A       B       C       D       E      F
               +-------+-------+-------+-------+-------+----------------------
         Total | 100.0 | 100.0 |   3.4 |  25.2 |  57.1 | 686.0
       Dungeon | 100.0 | 100.0 |   3.4 |  25.2 |  57.1 | 686.0
               +-------+-------+-------+-------+-------+----------------------

Table legend:
 A = Kills in this place as a percentage of kills in entire the game.
 B = Kills by you in this place as a percentage of kills by you in the entire game.
 C = Kills by friends in this place as a percentage of kills by friends in the entire game.
 D = Other kills in this place as a percentage of other kills in the entire game.
 E = Experience gained in this place as a percentage of experience gained in the entire game.
 F = Experience gained in this place divided by the number of levels of this place that you have seen.
                   A       B       C       D       E      F
               +-------+-------+-------+-------+-------+----------------------
         Total | 100.0 | 100.0 |   N/A |   N/A | 100.0 |  25.5
       Dungeon | 100.0 | 100.0 |   N/A |   N/A | 100.0 |  25.5
               +-------+-------+-------+-------+-------+----------------------

Skill      XL: |  1  2 |
---------------+-------+-----
Stealth        | 1 |  1.7
Fighting       | |  3.2
Long Blades    | |  2.3
Dodging        | |  3.3
Shields        | |  3.2

Action                   || total
-------------------------++-------
Melee: Long sword        ||    35
       Constrict         ||    16
       Tentacles         ||    10
       Falchion          ||    18
  Use: Potion            ||     3
 Stab: Sleeping          ||     2
  Eat: Chunk             ||     1
Armor: Skin              ||    10
Dodge: Dodged            ||    24
Block: Shield            ||    19
       Rpst.: Long sword ||     5
       Falchion          ||     4

Vanquished Creatures
  A dart slug (D:2)
  3 giant cockroaches (D:2)
  10 goblins
  5 hobgoblins (D:2)
  2 jackals (D:1)
  A quokka (D:2)
  A bat (D:2)
  3 frilled lizards (D:1)
  A kobold (D:2)
  3 rats
30 creatures vanquished.
